Map: Whirlwind LE (Void)

Players

Fropez

  • Race: Protoss Protoss
  • League: Gold
  • Spawn Location: 1:00

Cobalt - Winner!

  • Race: Terran Terran
  • League: Gold
  • Spawn Location: 11:00

VOD

Have the link to the VOD?

Description

Time

  • Played on: Dec. 23, 2016, 2:27 p.m.
  • Length: 7:23
Show
View Real Time Build Order
Export as new Build Order

Fropez Protoss 

Build Orders: 1 Gate Expand 

Get SALT Encoding   

  12  0:01  Probe (Chrono Boost)  
  13  0:14  Pylon  
  13  0:17  Probe (Chrono Boost)  
  15  0:28  Probe (Chrono Boost)  
  15  0:35  Gateway  
  15  0:41  Probe (Chrono Boost)  
  16  0:52  Probe (Chrono Boost)  
  16  0:54  Assimilator  
  17  1:02  Probe (Chrono Boost)  
  18  1:13  Probe (Chrono Boost)  
  19  1:22  Nexus  
  19  1:31  Probe (Chrono Boost)  
  20  1:38  Cybernetics Core  
  21  1:47  Probe (Chrono Boost)  
  21  1:59  Probe (Chrono Boost)  
  21  2:00  Pylon  
  22  2:03  Assimilator  
  22  2:08  Gateway  
  22  2:13  Warp Gate  
  22  2:22  Pylon  
  22  2:26  Stalker  
  22  2:27  Probe (Chrono Boost)  
  25  2:35  Probe (Chrono Boost)  
  26  2:53  Probe (Chrono Boost)  
  26  2:54  Probe (Chrono Boost)  
  26  2:55  Stalker  
  30  3:01  Pylon  
  30  3:03  Pylon  
  30  3:08  Probe x2 (Chrono Boost)  
  32  3:16  Twilight Council  
  32  3:22  Probe (Chrono Boost)  
  32  3:23  Probe (Chrono Boost)  
  32  3:24  Stalker  
  34  3:30  Stalker  
  40  3:44  Mothership Core (Chrono Boost)  
  40  3:48  Probe (Chrono Boost)  
  41  4:00  Blink  
  41  4:04  Assimilator  
  41  4:05  Pylon  
  41  4:09  Probe (Chrono Boost)  
  42  4:16  Gateway  
  42  4:35  Stalker x2  
  44  4:43  Pylon  
  46  4:53  Probe x2 (Chrono Boost)  
  46  4:56  Assimilator  
  46  4:59  Adept  
  48  5:00  Adept  
  51  5:16  Probe x2 (Chrono Boost)  
  52  5:25  Robotics Facility  
  52  5:28  Probe x2 (Chrono Boost)  
  54  5:29  Pylon  
  54  5:33  Stalker x3  
  60  5:40  Probe (Chrono Boost)  
  61  5:46  Probe (Chrono Boost)  
  62  5:52  Probe (Chrono Boost)  
  64  5:58  Probe (Chrono Boost)  
  64  6:02  Stalker x3  
  64  6:03  Gateway x2  
  70  6:04  Gateway  
  70  6:11  Pylon  
  70  6:24  Probe x2 (Chrono Boost)  
  72  6:27  Nexus  
  74  6:40  Adept x3  
  74  6:43  Probe (Chrono Boost)  
Show
View Real Time Build Order
Export as new Build Order

Cobalt Terran - Winner!

Build Orders: MMM Bio 

Get SALT Encoding   

  12  0:01  SCV  
  13  0:13  SCV  
  14  0:17  Supply Depot  
  14  0:25  SCV  
  15  0:39  SCV  
  15  0:42  Barracks  
  16  0:51  SCV  
  17  1:12  Command Center  
  17  1:18  SCV  
  18  1:28  Marine  
  18  1:32  Supply Depot  
  19  1:33  Orbital Command  
  19  1:42  Refinery  
  19  1:45  Refinery  
  19  1:47  Marine  
  20  2:03  SCV  
  20  2:05  Marine  
  22  2:19  SCV  
  23  2:27  Orbital Command  
  23  2:32  Barracks Tech Lab  
  23  2:37  SCV  
  23  2:45  Barracks  
  23  2:56  SCV, Factory  
  23  2:57  SCV  
  25  3:00  Barracks  
  25  3:04  Stimpack  
  25  3:09  SCV  
  25  3:10  SCV  
  27  3:22  SCV  
  27  3:25  SCV  
  29  3:28  Marine  
  29  3:34  Supply Depot  
  30  3:36  Bunker  
  30  3:47  SCV x2  
  30  3:48  Marine x2  
  32  3:50  Supply Depot  
  34  3:56  Starport  
  34  3:58  Factory Reactor  
  34  3:59  SCV  
  34  4:02  Refinery  
  35  4:04  Marauder  
  37  4:10  SCV  
  37  4:11  SCV  
  37  4:12  Marine x2  
  40  4:36  SCV  
  40  4:37  Marine, Marauder  
  44  4:44  SCV, Engineering Bay  
  45  4:48  SCV, Barracks  
  45  4:51  Supply Depot x2  
  46  4:53  Marine  
  46  4:55  Medivac x2  
  46  4:56  SCV  
  46  4:59  Marauder  
  54  5:00  SCV  
  54  5:04  Combat Shields  
  55  5:08  SCV  
  55  5:12  Factory Reactor  
  56  5:18  Terran Infantry Weapons Level 1  
  56  5:22  Engineering Bay  
  56  5:27  Marine x2, Marauder  
  56  5:28  Missile Turret  
  60  5:33  Medivac x2  
  60  5:34  SCV  
  60  5:35  SCV  
  66  5:41  Barracks Tech Lab  
  66  5:46  SCV  
  66  5:48  Marine  
  68  5:51  Marine, Marauder  
  68  5:54  Refinery  
  71  6:02  Marauder  
  71  6:03  Widow Mine x2  
  77  6:06  Marine  
  78  6:15  Supply Depot x2  
  78  6:31  Armory  
  78  6:36  Marine x3  
  78  6:37  SCV x2, Marauder  
  78  6:39  Supply Depot  
  85  6:40  Supply Depot, Missile Turret  
  85  6:54  Marine x2  
  85  6:55  Marauder  
  85  6:58  Marine  
Tags
 
Composition
MMM Bio
League
GoldGold
Matchup
PvT
Replay Pack
All Mines
Spawn Locations
Close Positions
Add a new tag
Caveats
  • Supply blocks, unpowered buildings, or Contaminate may cause inaccurate times.
  • Supply counts are checked every 10 seconds.